 Dungeon Crawl Stone Soup version 0.23.2 (webtiles) character file.

Game seed: 1785154016527461416

52 Borgoz the Sneak (level 3, 0/28 HPs)
             Began as a Ghoul Enchanter on Apr 4, 2019.
             Slain by Sigmund
             ... wielding a +0 scythe
              (5 damage)
             ... on level 2 of the Dungeon.
             The game lasted 00:02:34 (823 turns).

Borgoz the Sneak (Ghoul Enchanter)                   Turns: 823, Time: 00:02:34

Health: 0/28       AC:  5    Str: 15 (16) XL:     3   Next: 85%
Magic:  4/4        EV: 17    Int:  7 (10) God:
Gold:   75         SH:  0    Dex: 16 (17) Spells: 2/5 levels left

rFire    . . .     SeeInvis .   a - +1 dagger
rCold    + . .     Gourm    .   (no shield)
rNeg     + + +     Faith    .   c - +0 ring mail
rPois    ∞         Spirit   .   (no helmet)
rElec    .         Reflect  .   (no cloak)
rCorr    .         Harm     .   (no gloves)
MR       .....                  (no boots)
Stlth    +++.......             (no amulet)
HPRegen  0.00/turn              f - +2 ring of dexterity
MPRegen  0.09/turn              (no ring)

@: mighty, agile, rotting
A: rotting body, claws 1, carnivore, cold resistance 1, negative energy
resistance 3, inhibited regeneration, torment resistance, unbreathing
a: no special abilities


You were on level 2 of the Dungeon.
You were not hungry.

You visited 1 branch of the dungeon, and saw 2 of its levels.

You collected 75 gold pieces.

Inventory:

Hand Weapons
 a - a +1 dagger (weapon)
Armour
 c - a +0 ring mail (worn)
Jewellery
 f - a +2 ring of dexterity (left claw)
 g - an uncursed amulet of faith
 m - an uncursed amulet of guardian spirit {unknown}
Scrolls
 e - a scroll of blinking {unknown}
 h - a scroll of remove curse {unknown}
 l - a scroll of magic mapping {unknown}
Comestibles
 b - 12 chunks of flesh
 d - 3 rations


   Skills:
 + Level 1.1 Fighting
 * Level 2.0 Short Blades
 + Level 1.0 Armour
 * Level 2.5 Dodging
 - Level 3.2 Stealth
 - Level 1.7 Spellcasting
 - Level 2.4 Hexes


You had 2 spell levels left.
You knew the following spells:

 Your Spells              Type           Power        Failure   Level  Hunger
a - Corona                Hex            #......      28%         1    ##.....
b - Ensorcelled Hibernat  Hex/Ice        #.....       58%         2    ###....

Your spell library contained the following spells:

 Spells                   Type           Power        Failure   Level  Hunger
 Confuse                  Hex            #.......     65%         3    ####...
 Tukima's Dance           Hex            #.......     65%         3    ####...
 Dazzling Spray           Conj/Hex       #.....       82%         3    ####...


Dungeon Overview and Level Annotations

Branches:
Dungeon (2/15)

Altars:

Annotations:
D:2 Sigmund


Innate Abilities, Weirdness & Mutations

Your body is rotting away.
You thrive on raw meat.
You are immune to poison.
You have sharp fingernails.
You are carnivorous and can eat meat at any time.
Your flesh is cold resistant. (rC+)
You are immune to negative energy. (rN+++)
You do not regenerate when monsters are visible.
You are immune to unholy pain and torment.
You can survive without breathing.


Message History

You resist with significant effort. The adder closely misses you.
You miss the adder.
The adder is severely wounded.
You feel less confused. The adder completely misses you.
Sigmund barely misses you.
You puncture the adder!
You kill the adder!
Your Short Blades skill increases to level 2!
Your Armour skill increases to level 1!
You barely miss Sigmund. Sigmund closely misses you.
You hit Sigmund.
Sigmund is lightly wounded.
You puncture Sigmund!
Sigmund is heavily wounded.
Sigmund barely misses you.
You closely miss Sigmund.
Sigmund is heavily wounded.
Sigmund says, "Look into my eyes."
Sigmund hits you with a +0 scythe.
You die...

#...# ## #...## #.
####### #....### #.
#.....# #......## #.
#.....# #...##..####.
#.!...# ##..###......
#.....# ##.# ######.
#....@## #.### #.
#.....@#### #...# #÷
#.........#####<# #.
#............##.# #.
#.....#......##.# ##
#######.........#######
#................
#..............(.
##...............
#...........÷...


You could see Sigmund.

Vanquished Creatures
  An adder (D:2)
  2 oozes (D:1)
  2 dart slugs (D:1)
  2 leopard geckos (D:1)
  A giant cockroach (D:1)
  A goblin (D:1)
  5 hobgoblins
  A jackal (D:1)
  4 bats
  5 kobolds (D:1)
  7 rats (D:1)
31 creatures vanquished.

Notes
Turn   | Place    | Note
-------+----------+-------------------------------------------
     0 | D:1      | Borgoz the Ghoul Enchanter began the quest for the Orb.
     0 | D:1      | Reached XP level 1. HP: 14/14 MP: 2/2
   110 | D:1      | Reached skill level 1 in Short Blades
   112 | D:1      | Reached XP level 2. HP: 9/21 MP: 3/3
   123 | D:1      | Learned a level 2 spell: Ensorcelled Hibernation
   567 | D:1      | Reached XP level 3. HP: 16/27 MP: 4/4
   672 | D:1      | Reached skill level 1 in Fighting
   804 | D:2      | Noticed Sigmund
   819 | D:2      | Reached skill level 1 in Armour
   823 | D:2      | Slain by Sigmund

Skill      XL: |  1  2  3 |
---------------+----------+-----
Short Blades   | 1 2 |  2.0
Dodging        | 2 |  2.5
Fighting       | 1 |  1.1
Armour         | 1 |  1.0
Stealth        | |  3.2
Spellcasting   | |  1.7
Hexes          | |  2.4

Action                   || total
-------------------------++-------
Melee: Dagger            ||   141
  Use: Potion            ||     3
 Stab: Sleeping          ||     2
  Eat: Chunk             ||     6
Armor: Ring mail         ||    56
Dodge: Dodged            ||   105
